[Event "Titled Tuesday Blitz March 14 Late 2023"]
[White "ArchibaldCerveza29"]
[Black "Bove, Alessandro"]
[BlackFideId "814121"]
[WhiteElo "2503"]
[BlackElo "2387"]
[Result "0-1"]
[Round "06"]
[TimeControl "180+2"]
[Date "2023.03.14"]
[WhiteClock "0:00:01"]
[BlackClock "0:00:40"]

1. e4 c5 2. Nf3 d6 3. d4 cxd4 4. Nxd4 Nf6 5. Nc3 g6 6. f3 Bg7 7. Be3 O-O 8. Qd2 Nc6 9. Bc4 Bd7 10. Bb3 Qa5 11. O-O-O Rfc8 12. Kb1 Ne5 13. Nd5 Qxd2 14. Rxd2 Nxd5 15. Bxd5 Nc4 16. Bxc4 Rxc4 17. c3 Rac8 18. Nb3 b6 19. Rhd1 h5 20. Nd4 a5 21. Ne2 b5 22. Bb6 a4 23. Be3 b4 24. cxb4 Rxb4 25. Rc1 Rcb8 26. Rcc2 a3 27. b3 Be6 28. Bd4 Bh6 29. Rd1 R4b5 30. Nc3 R5b7 31. Nd5 Bxd5 32. exd5 Bg7 33. Rc4 Rb5 34. Bxg7 Kxg7 35. Ra4 Rc5 36. Rxa3 Rbb5 37. Ra7 Kf6 38. Kb2 Rxd5 39. Rxd5 Rxd5 40. a4 Rd2+ 41. Kc3 Rxg2 42. a5 Rxh2 43. a6 h4 44. b4 h3 45. Ra8 Kg7 46. Kb3 Rh1 47. a7 Ra1 48. Rc8 Rxa7 49. Rc2 Ra8 50. b5 Kf6 51. Kb4 Kf5 52. b6 Kf4 53. Kb5 Kxf3 54. Kc6 g5 55. Kb7 Ra5 56. Rb2 h2 57. Rxh2 g4 0-1


[Site "https://www.chess.com"]

[Event "Titled Tuesday Blitz March 14 Late 2023"]
[White "Abrosimov, Vladimir"]
[Black "Sonnenschein, Philipp"]
[WhiteFideId "4166892"]
[BlackFideId "16250877"]
[WhiteElo "2336"]
[BlackElo "2224"]
[Result "0-1"]
[Round "06"]
[TimeControl "180+2"]
[Date "2023.03.14"]
[WhiteClock "0:00:11"]
[BlackClock "0:00:22"]

1. c4 e6 2. Nc3 c5 3. e4 Nc6 4. g3 Nf6 5. Bg2 Be7 6. d3 O-O 7. Nge2 b6 8. O-O Bb7 9. f4 d6 10. h3 Nd4 11. Nxd4 cxd4 12. Ne2 e5 13. f5 Nd7 14. g4 Bg5 15. Ng3 a5 16. Nh5 h6 17. Qf3 Bxc1 18. Raxc1 Qg5 19. f6 g6 20. Ng3 Rfe8 21. Rc2 Re6 22. Kh1 Rxf6 23. Nf5 gxf5 24. gxf5 Kh7 25. Rg1 Rg8 26. Rcc1 h5 27. Qe2 Rh6 28. Bf3 Qh4 29. Qh2 Rxg1+ 30. Rxg1 Qe7 31. Qg2 Qf8 32. Qg5 f6 33. Qh4 Qf7 34. a3 Kh8 35. b4 axb4 36. axb4 Nf8 37. Ra1 Nh7 38. Qg3 Ng5 39. h4 Nxf3 40. Qxf3 Rh7 41. Rg1 Rg7 42. Rxg7 Kxg7 43. Qg3+ Kf8 44. Qe1 Ke7 45. Qd1 Kd8 46. Qa4 Kc7 47. Qa7 Qg7 48. c5 dxc5 49. bxc5 bxc5 50. Qxc5+ Kd7 51. Qb5+ Bc6 52. Qb8 Qe7 53. Qa7+ Ke8 54. Qb8+ Kf7 55. Qh8 Qa3 56. Qxh5+ Ke7 57. Qh7+ Kd6 58. Qf7 Qc1+ 59. Kh2 Qf4+ 60. Kh1 Qxh4+ 61. Kg1 Qe1+ 62. Kh2 Qe2+ 63. Kh1 Qe1+ 64. Kh2 Qh4+ 65. Kg1 Kc5 66. Qc4+ Kd6 67. Qe6+ Kc7 68. Qe7+ Bd7 69. Qc5+ Kb7 70. Qb4+ Ka6 71. Qa3+ Kb6 72. Qd6+ Bc6 73. Qb4+ Ka6 74. Qa3+ Kb5 75. Qb3+ Kc5 76. Qc4+ Kd6 77. Qe6+ Kc7 78. Qe7+ Kc8 79. Qf8+ Kb7 80. Qb4+ Ka8 81. Qa5+ Kb7 82. Qb4+ Ka6 83. Qa3+ Kb5 84. Qb3+ Ka5 85. Qa3+ Ba4 86. Qc5+ Ka6 87. Qd6+ Kb5 88. Qd5+ Kb4 89. Qc4+ Ka3 90. Qc1+ Ka2 91. Qd2+ Kb3 92. Qd1+ Kc3 93. Qxa4 Qe1+ 94. Kh2 Qe2+ 95. Kh1 Qxd3 96. Qa3+ Kd2 97. Qb2+ Ke3 98. Qg2 Qxe4 99. Qxe4+ Kxe4 100. Kg2 Kxf5 101. Kf3 e4+ 102. Ke2 Kf4 103. Kf2 d3 104. Ke1 e3 105. Kf1 Kf3 106. Ke1 e2 107. Kd2 Kf2 108. Kxd3 e1=Q 0-1


[Site "https://www.chess.com"]

[Event "Titled Tuesday Blitz March 14 Late 2023"]
[White "Tymrakiewicz, Rafal"]
[Black "Kalajzic, Ivan"]
[WhiteFideId "1108832"]
[BlackFideId "14506378"]
[WhiteElo "2151"]
[BlackElo "2203"]
[Result "0-1"]
[Round "06"]
[TimeControl "180+2"]
[Date "2023.03.14"]
[WhiteClock "0:00:01"]
[BlackClock "0:00:33"]

1. e4 Nc6 2. Nf3 d6 3. h3 g6 4. d4 Bg7 5. c3 a6 6. Bg5 h6 7. Be3 b5 8. Bd3 e5 9. d5 Nce7 10. Nfd2 f5 11. f3 f4 12. Bf2 Nf6 13. a4 Rb8 14. axb5 axb5 15. Ra7 O-O 16. b4 Ne8 17. Qe2 Bd7 18. O-O Bf6 19. Na3 Nc8 20. Ra5 Bh4 21. Bxb5 Bxf2+ 22. Qxf2 g5 23. Bxd7 Qxd7 24. Rb1 h5 25. b5 Rf7 26. Kf1 Rg7 27. Ke2 g4 28. hxg4 hxg4 29. Rh1 g3 30. Qe1 Nb6 31. c4 Rh7 32. Nc2 Rh2 33. Rxh2 gxh2 34. Qh1 Qh7 35. Kd3 Nf6 36. Nf1 Nbxd5 37. cxd5 Nxd5 38. Qxh2 Qg6 39. Qh3 Nf6 40. g4 d5 41. Nd2 Rd8 42. Ke2 dxe4 43. fxe4 Nxe4 44. Nc4 Ng3+ 45. Kf3 Qe4+ 46. Kf2 Qxc2+ 0-1


[Site "https://www.chess.com"]

[Event "Titled Tuesday Blitz March 14 Late 2023"]
[White "Womacka, Mathias"]
[Black "Kohler, Aran"]
[WhiteFideId "4611390"]
[BlackFideId "1002856"]
[WhiteElo "2377"]
[BlackElo "2256"]
[Result "1-0"]
[Round "06"]
[TimeControl "180+2"]
[Date "2023.03.14"]
[WhiteClock "0:00:17"]
[BlackClock "0:00:19"]

1. e4 c6 2. d4 d5 3. Nd2 dxe4 4. Nxe4 Bf5 5. Ng3 Bg6 6. h4 h6 7. Nf3 Nd7 8. h5 Bh7 9. Bd3 Ngf6 10. Bxh7 Nxh7 11. Qe2 e6 12. Bd2 Be7 13. O-O-O Ng5 14. Ne5 Nxe5 15. dxe5 Qc7 16. f4 Nh7 17. Be3 O-O 18. Ne4 Rad8 19. g4 Rxd1+ 20. Rxd1 Rd8 21. Rxd8+ Qxd8 22. a4 b6 23. Qc4 Qd5 24. Qxd5 cxd5 25. Nc3 Bd8 26. Nb5 a6 27. Nd6 f6 28. b4 fxe5 29. fxe5 Ng5 30. b5 axb5 31. axb5 Nf3 32. Bf4 Bc7 33. Kb2 Kf8 34. c4 Bxd6 35. exd6 dxc4 36. Be3 Ke8 37. Bxb6 Kd7 38. Bc5 Ne5 39. Kc3 Nxg4 40. Kxc4 e5 41. Kd5 e4 42. Kxe4 Nf6+ 43. Ke5 Nxh5 44. b6 Kc6 45. Ke6 Nf6 46. Bd4 Ne8 47. d7 Nc7+ 48. bxc7 Kxc7 49. Ke7 1-0


[Site "https://www.chess.com"]

[Event "Titled Tuesday Blitz March 14 Late 2023"]
[White "Biriukov, Ilja"]
[Black "Baches Garcia, Guillermo"]
[WhiteFideId "4113373"]
[BlackFideId "2209764"]
[WhiteElo "2426"]
[BlackElo "2459"]
[Result "0-1"]
[Round "06"]
[TimeControl "180+2"]
[Date "2023.03.14"]
[WhiteClock "0:00:02"]
[BlackClock "0:00:46"]

1. c4 e6 2. Nc3 d5 3. cxd5 exd5 4. d4 f5 5. g3 Nf6 6. Bg2 c6 7. Bf4 Bd6 8. Bxd6 Qxd6 9. e3 O-O 10. Nge2 Be6 11. Nf4 Bf7 12. h4 Nbd7 13. Qc2 Ne4 14. Nxe4 fxe4 15. Bh3 Nb6 16. O-O h6 17. Qc5 Qf6 18. h5 Nc4 19. Qb4 a5 20. Qc3 a4 21. b3 Nd6 22. Qc2 a3 23. Kg2 Nb5 24. Rac1 Qg5 25. Qe2 Rae8 26. Qg4 Qf6 27. Rh1 Re7 28. Rc2 Be8 29. Ne6 Bd7 30. Qg6 Bxe6 31. Bxe6+ Rxe6 32. Qxf6 Rexf6 33. Rh4 Rf3 34. Rf4 R3xf4 35. gxf4 Kf7 36. Kg3 Rg8 37. f3 g6 38. hxg6+ Rxg6+ 39. Kf2 Nd6 40. fxe4 Nxe4+ 41. Ke2 Rg2+ 42. Kd3 Rxc2 0-1


[Site "https://www.chess.com"]

[Event "Titled Tuesday Blitz March 14 Late 2023"]
[White "Wang, Alexander J"]
[Black "Bilan, Danila"]
[WhiteFideId "30955270"]
[BlackFideId "24161918"]
[WhiteElo "2231"]
[BlackElo "2182"]
[Result "1-0"]
[Round "06"]
[TimeControl "180+2"]
[Date "2023.03.14"]
[WhiteClock "0:00:24"]
[BlackClock "0:00:01"]

1. e4 c6 2. d4 d5 3. f3 dxe4 4. fxe4 e5 5. Nf3 Be6 6. c3 Nd7 7. Be3 h6 8. Be2 Ngf6 9. Nbd2 Qc7 10. h3 Bd6 11. O-O g5 12. c4 g4 13. Nxe5 Nxe5 14. Rxf6 Nd7 15. Rxe6+ fxe6 16. Bxg4 O-O-O 17. e5 Be7 18. Bxe6 Kb8 19. Qe2 Bg5 20. Bxg5 hxg5 21. Nf3 c5 22. d5 Rh6 23. Bxd7 Qxd7 24. e6 Qg7 25. Qe5+ Qxe5 26. Nxe5 Kc7 27. Nf7 Rdh8 28. Nxh6 Rxh6 29. Re1 Kd8 30. Kf2 Ke7 31. Kg3 Rf6 32. Re2 Rf4 33. b3 a6 34. a4 b5 35. axb5 axb5 36. Rc2 Kd6 37. cxb5 Kxd5 38. Re2 1-0


[Site "https://www.chess.com"]

[Event "Titled Tuesday Blitz March 14 Late 2023"]
[White "Heinemann, Josefine"]
[Black "babbilator"]
[WhiteFideId "12900460"]
[WhiteElo "2342"]
[BlackElo "2228"]
[Result "1/2-1/2"]
[Round "06"]
[TimeControl "180+2"]
[Date "2023.03.14"]
[WhiteClock "0:00:06"]
[BlackClock "0:00:06"]

1. e4 c5 2. Nf3 e6 3. d4 cxd4 4. Nxd4 Nc6 5. Nc3 Qc7 6. Be3 a6 7. Be2 Nf6 8. O-O Be7 9. f4 d6 10. Kh1 O-O 11. Qe1 Bd7 12. Qg3 Nxd4 13. Bxd4 Bc6 14. Bd3 g6 15. f5 e5 16. Be3 d5 17. exd5 Nxd5 18. Nxd5 Bxd5 19. f6 Bc5 20. Bh6 Rfe8 21. h4 Rac8 22. h5 e4 23. Qxc7 Rxc7 24. Be2 Rc6 25. hxg6 hxg6 26. Bg7 Bf8 27. Bxf8 Kxf8 28. Rad1 Be6 29. c3 Bf5 30. Rf4 Kg8 31. g4 Be6 32. g5 Bc4 33. Bxc4 Rxc4 34. Kg2 Rc5 35. Rg4 Rf5 36. Rf1 Rxf1 37. Kxf1 Re5 38. Ke2 Kf8 39. Rh4 Ke8 40. Rh8+ Kd7 41. Rb8 Rxg5 42. Rxb7+ Ke6 43. Rb6+ Ke5 44. Rxa6 Rg2+ 45. Ke3 Rg3+ 46. Ke2 Rg2+ 47. Ke3 Rg3+ 48. Ke2 Rg2+ 1/2-1/2


[Site "https://www.chess.com"]

[Event "Titled Tuesday Blitz March 14 Late 2023"]
[White "Ronka, Erik"]
[Black "Sabar, Ethmane Daouda"]
[WhiteFideId "505080"]
[BlackFideId "19600097"]
[WhiteElo "2264"]
[BlackElo "1950"]
[Result "1-0"]
[Round "06"]
[TimeControl "180+2"]
[Date "2023.03.14"]
[WhiteClock "0:00:07"]
[BlackClock "0:00:09"]

1. e4 c5 2. Nf3 Nc6 3. Bb5 e5 4. Bxc6 dxc6 5. d3 f6 6. b3 Ne7 7. Be3 b6 8. a3 Bg4 9. Nbd2 Qd7 10. h3 Bh5 11. Qb1 Bf7 12. b4 cxb4 13. axb4 Nc8 14. O-O Be7 15. d4 exd4 16. Bxd4 O-O 17. Qb2 Nd6 18. Rfe1 Nc4 19. Nxc4 Bxc4 20. Rad1 Qe6 21. e5 f5 22. Bc3 c5 23. bxc5 Bxc5 24. Bd4 Rfd8 25. Bxc5 Rxd1 26. Rxd1 bxc5 27. Qb7 Re8 28. Rd6 Re7 29. Qa8+ Re8 30. Qxa7 Qf7 31. Rd7 Qg6 32. Qxc5 Be6 33. Rd6 Qh6 34. Qd4 Qc1+ 35. Kh2 h6 36. c3 Kh7 37. Qd2 Qa3 38. Nd4 Bc8 39. Qf4 g6 40. Rc6 Qa4 41. Rc7+ Kh8 42. Qxh6+ 1-0


[Site "https://www.chess.com"]

[Event "Titled Tuesday Blitz March 14 Late 2023"]
[White "Michalski, Olaf"]
[Black "Garrido Dominguez, Jesus"]
[WhiteFideId "1106740"]
[BlackFideId "2254174"]
[WhiteElo "2173"]
[BlackElo "2385"]
[Result "0-1"]
[Round "06"]
[TimeControl "180+2"]
[Date "2023.03.14"]
[WhiteClock "0:00:01"]
[BlackClock "0:01:59"]

1. d4 d6 2. Nf3 Nf6 3. c4 g6 4. Nc3 Bg7 5. e4 O-O 6. Be2 e5 7. d5 Na6 8. O-O Nc5 9. Qc2 a5 10. Bg5 h6 11. Be3 b6 12. Nd2 Bg4 13. f3 Bd7 14. b3 Nh5 15. Rfe1 f5 16. exf5 Bxf5 17. Nde4 Nf4 18. Bf1 Kh7 19. a3 Qd7 20. b4 axb4 21. axb4 Rxa1 22. Rxa1 Nxe4 23. Nxe4 Bxe4 24. Qxe4 Qf7 25. Ra7 b5 26. g3 Nh5 27. cxb5 Nf6 28. Qc4 Nxd5 29. Bf2 Qxf3 0-1


[Site "https://www.chess.com"]

[Event "Titled Tuesday Blitz March 14 Late 2023"]
[White "Buchenau, Frank"]
[Black "Campelo, Leandro Fabricio"]
[WhiteFideId "4604350"]
[BlackFideId "2103346"]
[WhiteElo "2157"]
[BlackElo "2070"]
[Result "0-1"]
[Round "06"]
[TimeControl "180+2"]
[Date "2023.03.14"]
[WhiteClock "0:00:03"]
[BlackClock "0:00:04"]

1. e4 c5 2. Nf3 e6 3. d4 cxd4 4. Nxd4 Nc6 5. Nc3 Qc7 6. Be3 a6 7. Bd3 Nf6 8. O-O Bb4 9. Nxc6 bxc6 10. f4 d5 11. e5 Nd7 12. Qg4 g6 13. Na4 Be7 14. c4 dxc4 15. Bxc4 c5 16. Rac1 Bb7 17. Rfd1 h5 18. Qh3 Nb6 19. Nxb6 Qxb6 20. b4 Qxb4 21. Bxe6 fxe6 22. Qxe6 Qe4 23. Qd7+ Kf8 24. Qd2 Rd8 25. Qf2 Rxd1+ 26. Rxd1 Bh4 27. Qd2 Kg7 28. Bxc5 Rd8 29. Qc1 Qxg2# 0-1


[Site "https://www.chess.com"]

[Event "Titled Tuesday Blitz March 14 Late 2023"]
[White "Ansh M Shah"]
[Black "DeyanKostov"]
[WhiteFideId "25033379"]
[WhiteElo "2084"]
[BlackElo "2321"]
[Result "0-1"]
[Round "06"]
[TimeControl "180+2"]
[Date "2023.03.14"]
[WhiteClock "0:00:09"]
[BlackClock "0:00:12"]

1. d4 d5 2. c4 dxc4 3. e3 Nf6 4. Bxc4 e6 5. Nf3 a6 6. a4 c5 7. O-O Nc6 8. dxc5 Qxd1 9. Rxd1 Bxc5 10. b3 O-O 11. Bb2 Na5 12. Ba3 Bxa3 13. Nxa3 Bd7 14. b4 Nxc4 15. Nxc4 Rad8 16. Nb6 Bc6 17. Nd4 Bd5 18. Rdc1 Rd6 19. a5 Bc6 20. h3 Nd5 21. Nxc6 Rxc6 22. Rxc6 bxc6 23. Rc1 Nxb4 24. Rc4 Nd5 25. Rxc6 Nb4 26. Rc4 Nd3 27. Kf1 g6 28. Ke2 Ne5 29. Rc7 Rd8 30. f4 Nd3 31. Nd7 Nb4 32. Ne5 Rf8 33. Rb7 Nd5 34. Ra7 Nb4 35. Kf3 f6 36. Nd7 Rf7 37. Ra8+ Kg7 0-1


[Site "https://www.chess.com"]

[Event "Titled Tuesday Blitz March 14 Late 2023"]
[White "Friedel, Tom"]
[Black "marik_spb"]
[WhiteFideId "2002108"]
[WhiteElo "2280"]
[BlackElo "2407"]
[Result "0-1"]
[Round "06"]
[TimeControl "180+2"]
[Date "2023.03.14"]
[WhiteClock "0:00:36"]
[BlackClock "0:00:44"]

1. e4 c6 2. d4 d5 3. Nc3 dxe4 4. Nxe4 Nf6 5. Nxf6+ exf6 6. Nf3 Bd6 7. Be2 O-O 8. O-O Na6 9. Re1 Nc7 10. Bd2 Nd5 11. c4 Nf4 12. Bf1 Bg4 13. Re4 Bxf3 14. Qxf3 Ne6 15. Rd1 Ng5 16. Bxg5 fxg5 17. d5 c5 18. Rde1 Qd7 19. g3 Rae8 20. b3 Rxe4 21. Qxe4 g6 22. Bd3 Kg7 23. Kg2 h5 24. Re2 Rd8 25. Re3 Qc7 26. Be2 Rd7 27. Qe8 Re7 28. Rxe7 Bxe7 29. Bf3 b6 30. Qc6 Qe5 31. Qb7 g4 32. Bd1 Qe4+ 33. Kf1 Bf6 34. Qxa7 Bc3 35. Be2 Qh1# 0-1


[Site "https://www.chess.com"]

[Event "Titled Tuesday Blitz March 14 Late 2023"]
[White "Bochnicka, Vladimir"]
[Black "Kowalysko, Roman"]
[WhiteFideId "14943450"]
[BlackFideId "30918510"]
[WhiteElo "2094"]
[BlackElo "2248"]
[Result "1-0"]
[Round "06"]
[TimeControl "180+2"]
[Date "2023.03.14"]
[WhiteClock "0:01:35"]
[BlackClock "0:01:21"]

1. e4 c5 2. Nf3 Nc6 3. d4 cxd4 4. Nxd4 e5 5. Nb5 d6 6. N1c3 a6 7. Na3 Be7 8. Nc4 Nf6 9. Be3 O-O 10. Nb6 Rb8 11. Bc4 Bf5 12. exf5 Nd7 13. Nbd5 Bg5 14. O-O Bxe3 15. Nxe3 Nd4 16. Ne2 b5 17. Bb3 Nxb3 18. axb3 Nf6 19. Rxa6 Qc8 20. Rxd6 Ne4 21. Rd5 Nf6 22. Rxe5 Rd8 23. Nd5 Nxd5 24. Rxd5 Rxd5 25. Qxd5 Qe8 26. Nd4 Rd8 27. Qxb5 Qxb5 28. Nxb5 Rd2 29. c4 Rxb2 30. Nd4 Rd2 31. Nf3 Rb2 32. Rc1 Rxb3 33. c5 Rb8 34. c6 Rc8 35. Nd4 Kf8 36. Nb5 Ke7 37. c7 Kd7 38. Na7 Rxc7 39. Rxc7+ Kxc7 40. Nb5+ Kc6 41. Nc3 Kd6 42. f4 Kc5 43. Kf2 Kd4 44. Ne2+ Ke4 45. g4 h5 46. h3 hxg4 47. hxg4 g6 48. fxg6 fxg6 49. Kg3 Ke3 50. f5 gxf5 51. gxf5 Kxe2 52. f6 Ke3 53. f7 Ke4 54. f8=Q Ke5 55. Qf7 Ke4 56. Qf6 Kd5 57. Qe7 Kd4 58. Qe6 Kd3 59. Qe5 Kd2 60. Qe4 Kd1 61. Qe3 Kc2 62. Kf2 Kd1 63. Qe2+ Kc1 64. Ke3 Kb1 65. Qd2 Ka1 66. Kd3 Kb1 67. Kc3 Ka1 68. Kb3 Kb1 69. Ka3 Ka1 70. Qe1# 1-0


[Site "https://www.chess.com"]

[Event "Titled Tuesday Blitz March 14 Late 2023"]
[White "Fernandez, Maria Florencia"]
[Black "Ardila, Oscar Humberto"]
[WhiteFideId "116459"]
[BlackFideId "4404742"]
[WhiteElo "2155"]
[BlackElo "1911"]
[Result "1-0"]
[Round "06"]
[TimeControl "180+2"]
[Date "2023.03.14"]
[WhiteClock "0:00:02"]
[BlackClock "0:00:18"]

1. d4 Nf6 2. c4 g6 3. Nc3 Bg7 4. e4 d6 5. Be2 c6 6. Be3 Qc7 7. g4 a6 8. a4 e5 9. d5 cxd5 10. cxd5 Nbd7 11. Rc1 Qa5 12. Bd2 Qd8 13. a5 Nc5 14. f3 h5 15. g5 Nh7 16. h4 O-O 17. b4 Nd7 18. Be3 f5 19. Na4 fxe4 20. fxe4 Rf4 21. Nb6 Nxb6 22. Bxb6 Qf8 23. Qd3 Bd7 24. Qe3 Rc8 25. Rc7 Rxc7 26. Bxc7 Qe7 27. Bb6 Nxg5 28. hxg5 Qxg5 29. Nf3 Qf6 30. Nd2 Bh6 31. Qg3 Bg4 32. Be3 Bxe2 33. Kxe2 Rg4 34. Qf3 Bf4 35. Bxf4 Rxf4 36. Qg3 Rg4 37. Qf3 Rf4 38. Qe3 Kg7 39. Rf1 g5 40. Rxf4 exf4 41. Qb6 g4 42. Qxb7+ Kh6 43. Qd7 f3+ 44. Kf2 Qd4+ 45. Kg3 Qe5+ 46. Kf2 Qh2+ 47. Ke3 Qe2+ 48. Kf4 Qxd2+ 49. Kf5 Qg5+ 50. Ke6 Qe5+ 51. Kf7 Qxe4 52. Qxd6+ Kg5 53. Qf6# 1-0


[Site "https://www.chess.com"]

[Event "Titled Tuesday Blitz March 14 Late 2023"]
[White "Tagliati, Eleonore"]
[Black "Mazibuko, Khanya"]
[WhiteFideId "45172234"]
[BlackFideId "14321041"]
[WhiteElo "2225"]
[BlackElo "1873"]
[Result "1-0"]
[Round "06"]
[TimeControl "180+2"]
[Date "2023.03.14"]
[WhiteClock "0:02:08"]
[BlackClock "0:01:42"]

1. e4 e5 2. Nf3 Nc6 3. d4 exd4 4. Nxd4 Nf6 5. Nxc6 bxc6 6. e5 Qe7 7. Qe2 Nd5 8. h4 a5 9. c4 Nb6 10. Nd2 Ba6 11. Qe4 Qe6 12. b3 Bb4 13. Bd3 Bc3 14. Rb1 Qxe5 15. O-O Qxe4 16. Nxe4 Bd4 17. Bb2 Bxb2 18. Rxb2 h6 19. Nc5 Bc8 20. Re1+ Kf8 21. Rbe2 1-0


[Site "https://www.chess.com"]

[Event "Titled Tuesday Blitz March 14 Late 2023"]
[White "Quispe Santacruz, Javier"]
[Black "Gatterer, Florian"]
[WhiteFideId "3800920"]
[BlackFideId "811688"]
[WhiteElo "1875"]
[BlackElo "2221"]
[Result "0-1"]
[Round "06"]
[TimeControl "180+2"]
[Date "2023.03.14"]
[WhiteClock "0:00:58"]
[BlackClock "0:01:00"]

1. d4 d5 2. c4 c6 3. Nf3 Nf6 4. e3 Bf5 5. Nc3 e6 6. Qb3 Qb6 7. c5 Qc7 8. Be2 Nbd7 9. O-O Be7 10. Nh4 Bg4 11. Nf3 O-O 12. h3 Bh5 13. Qc2 b6 14. b4 a5 15. Ba3 axb4 16. Bxb4 bxc5 17. Bxc5 Nxc5 18. dxc5 Bxc5 19. Rfc1 Rfc8 20. Na4 Ba3 21. Rd1 Qa5 22. Nc3 Bb4 23. Rac1 Bxc3 24. Qxc3 Qxc3 25. Rxc3 Rxa2 26. g4 Rxe2 27. gxh5 Rxf2 28. Kxf2 Ne4+ 29. Kg2 Nxc3 30. Rc1 Ne4 0-1


[Site "https://www.chess.com"]

[Event "Titled Tuesday Blitz March 14 Late 2023"]
[White "Fule, Simon"]
[Black "Winslow, Elliott"]
[WhiteFideId "787515"]
[BlackFideId "2002523"]
[WhiteElo "2386"]
[BlackElo "2210"]
[Result "1-0"]
[Round "06"]
[TimeControl "180+2"]
[Date "2023.03.14"]
[WhiteClock "0:00:02"]
[BlackClock "0:00:01"]

1. e4 c5 2. Nf3 d6 3. d4 cxd4 4. Nxd4 Nf6 5. Nc3 a6 6. f3 e5 7. Nb3 Be7 8. Be3 Be6 9. Qd2 h5 10. Be2 Nbd7 11. Nd5 Nxd5 12. exd5 Bf5 13. O-O Qc7 14. Na5 g6 15. c4 Kf8 16. b4 Kg7 17. Rac1 b6 18. Nc6 Bf6 19. h3 h4 20. Rfd1 Rhe8 21. c5 bxc5 22. bxc5 dxc5 23. Bxc5 Nxc5 24. Rxc5 Qb6 25. Qa5 Qxa5 26. Rxa5 e4 27. f4 e3 28. Rxa6 Rxa6 29. Bxa6 e2 30. Re1 Ra8 31. Bxe2 Rxa2 32. Bf3 Rd2 33. Rd1 Rxd1+ 34. Bxd1 Kf8 35. Kf2 Ke8 36. Ne5 Ke7 37. Ke3 g5 38. Bg4 Bxg4 39. Nxg4 gxf4+ 40. Kxf4 Bc3 41. Kf5 Kd6 42. Nh6 f6 43. Ng4 Ke7 44. d6+ Kxd6 45. Nxf6 Be1 46. Ng8 Kd7 47. Nh6 Ke7 48. Kg4 Kf6 49. Nf5 Kg6 50. Nxh4+ Kf6 51. Nf3 Bf2 52. h4 Kg6 53. Kf4 1-0


[Site "https://www.chess.com"]

[Event "Titled Tuesday Blitz March 14 Late 2023"]
[White "Chabris, Christopher"]
[Black "Rios Escobar, Adan"]
[WhiteFideId "2005263"]
[BlackFideId "3403645"]
[WhiteElo "2196"]
[BlackElo "2372"]
[Result "0-1"]
[Round "06"]
[TimeControl "180+2"]
[Date "2023.03.14"]
[WhiteClock "0:00:05"]
[BlackClock "0:00:07"]

1. e4 c5 2. Nf3 d6 3. Bb5+ Nd7 4. d4 cxd4 5. Qxd4 e5 6. Qd3 a6 7. Bxd7+ Bxd7 8. c4 Rc8 9. Nc3 h6 10. O-O Nf6 11. a4 Bc6 12. Rd1 Be7 13. Ne1 Qc7 14. Nc2 O-O 15. Ne3 b6 16. Nf5 Rfd8 17. Bxh6 gxh6 18. Qg3+ Kf8 19. Qg7+ Ke8 20. Nd5 Bxd5 21. cxd5 Nxe4 22. Qg8+ Bf8 23. Ng7+ Ke7 24. Nf5+ Kf6 25. g4 Qc2 26. Rf1 Nd2 27. f4 exf4 28. h4 Ke5 29. Qxf7 Re8 30. Rfe1+ Ne4 31. Rxe4+ Qxe4 32. Kf2 Rc2+ 33. Kf1 Qe2+ 0-1


[Site "https://www.chess.com"]

[Event "Titled Tuesday Blitz March 14 Late 2023"]
[White "Salgado Lopez, Ivan"]
[Black "Kraus, Tomas"]
[WhiteFideId "2257327"]
[BlackFideId "331708"]
[WhiteElo "2571"]
[BlackElo "2389"]
[Result "1/2-1/2"]
[Round "06"]
[TimeControl "180+2"]
[Date "2023.03.14"]
[WhiteClock "0:00:02"]
[BlackClock "0:00:05"]

1. d4 Nf6 2. Bg5 d5 3. e3 e6 4. Nd2 Be7 5. Bd3 O-O 6. f4 c5 7. c3 b6 8. Qe2 a5 9. Ngf3 Ba6 10. Bxa6 Nxa6 11. Ne5 Qe8 12. O-O Nc7 13. g4 Ne4 14. Bxe7 Qxe7 15. Nxe4 dxe4 16. a4 Nd5 17. f5 Qg5 18. Rae1 h5 19. c4 Nf6 20. fxe6 fxe6 21. Qg2 hxg4 22. Rf4 cxd4 23. Nxg4 Nxg4 24. Rxg4 Qf6 25. Rxe4 dxe3 26. R4xe3 Rae8 27. Re4 Qf5 28. Rf1 Qc5+ 29. Kh1 Rxf1+ 30. Qxf1 Qc6 31. Qg2 Rf8 32. Re1 Qxc4 33. Qe4 Rf1+ 34. Kg2 Qxe4+ 35. Rxe4 Rb1 36. Rxe6 Rxb2+ 37. Kg3 Kf7 38. Rc6 Rb4 39. h3 g5 40. Rd6 Ke7 41. Rg6 Rxa4 42. Rxb6 Kf7 43. Ra6 Ke7 44. Kf3 Rf4+ 45. Kg3 a4 46. Ra5 Kf6 47. Ra6+ Kf5 48. Ra5+ Kg6 49. Ra6+ Kh5 50. Ra8 Rb4 51. Rh8+ Kg6 52. Rg8+ Kf6 53. Ra8 Rb3+ 54. Kg4 Rb4+ 55. Kg3 Kf5 56. Ra5+ Kg6 57. Ra6+ Kh5 58. Ra8 Rb3+ 59. Kg2 a3 60. Rh8+ Kg6 61. Ra8 Kf5 62. Ra4 Rb2+ 63. Kg3 a2 64. Kf3 Rb3+ 65. Kg2 Rb2+ 66. Kg3 Kg6 67. Ra5 Kh5 68. Ra4 Rb3+ 69. Kg2 Rb2+ 70. Kg3 Kg6 71. Kf3 Kf6 72. Kg3 Ke6 73. Kg4 Kf6 74. Kg3 Kg6 1/2-1/2


[Site "https://www.chess.com"]

[Event "Titled Tuesday Blitz March 14 Late 2023"]
[White "Aung Thant Zin"]
[Black "Delgado Rosas, Fatima Alexandra"]
[WhiteFideId "13000063"]
[BlackFideId "6603963"]
[WhiteElo "2278"]
[BlackElo "2327"]
[Result "1/2-1/2"]
[Round "06"]
[TimeControl "180+2"]
[Date "2023.03.14"]
[WhiteClock "0:00:09"]
[BlackClock "0:01:05"]

1. e4 Nc6 2. Nf3 d5 3. exd5 Qxd5 4. Nc3 Qh5 5. Be2 Bg4 6. d3 Nf6 7. Be3 O-O-O 8. Qd2 e5 9. O-O-O Bb4 10. h3 Bxf3 11. Bxf3 Qg6 12. Qe1 Nd5 13. Bxd5 Rxd5 14. g4 Qe6 15. Bd2 Bxc3 16. Bxc3 Rb5 17. Kb1 Re8 18. Qe4 a5 19. Qxh7 Nb4 20. Bxb4 Rxb4 21. Rhe1 a4 22. a3 Rb5 23. Qf5 Qxf5 24. gxf5 Rh8 25. Re3 f6 26. Rg1 Rh5 27. Rf3 Rh7 28. Rg4 Ra5 29. Kc1 b5 30. Kd2 Kb7 31. Ke3 Ra8 32. Rb4 c6 33. c4 Kb6 34. cxb5 cxb5 35. Rg4 Rah8 36. Kd2 Kc5 37. Rfg3 Rxh3 38. Rxg7 Rxg3 39. fxg3 Rh2+ 40. Kc3 Rf2 41. g4 Rf4 42. Rg6 Kd5 43. Rxf6 Rxg4 44. Rb6 Kc5 45. Re6 Kd5 46. Rb6 Kc5 47. Re6 Kd5 48. Rb6 1/2-1/2


[Site "https://www.chess.com"]

[Event "Titled Tuesday Blitz March 14 Late 2023"]
[White "Cramling Bellon, Anna"]
[Black "Fan_Of_Chucky"]
[WhiteFideId "32009232"]
[WhiteElo "1972"]
[BlackElo "2327"]
[Result "0-1"]
[Round "06"]
[TimeControl "180+2"]
[Date "2023.03.14"]
[WhiteClock "0:00:02"]
[BlackClock "0:00:10"]

1. d4 Nf6 2. c4 c5 3. d5 b5 4. cxb5 a6 5. Nc3 axb5 6. e4 b4 7. Nb5 d6 8. Bc4 g6 9. e5 dxe5 10. d6 exd6 11. Bg5 Be7 12. Bxf6 Bxf6 13. Nxd6+ Ke7 14. Nxc8+ Qxc8 15. Qd5 Qe6 16. Qb7+ Qd7 17. Qxa8 Rd8 18. Nf3 Nc6 19. Qa4 e4 20. O-O exf3 21. gxf3 Bxb2 22. Rae1+ Ne5 23. Qb3 Bc3 24. Rxe5+ Bxe5 25. Re1 Kf6 26. Qe3 Qf5 27. f4 Bd4 28. Qe7+ Kg7 29. Kg2 Qg4+ 30. Kh1 Qf3+ 31. Kg1 Bxf2+ 32. Kf1 Bg3+ 33. Kg1 Qf2+ 34. Kh1 Qxh2# 0-1


[Site "https://www.chess.com"]

[Event "Titled Tuesday Blitz March 14 Late 2023"]
[White "Golubka, Petro"]
[Black "Jimenez, Joaquin"]
[WhiteFideId "14114224"]
[BlackFideId "109860"]
[WhiteElo "2391"]
[BlackElo "2163"]
[Result "1/2-1/2"]
[Round "06"]
[TimeControl "180+2"]
[Date "2023.03.14"]
[WhiteClock "0:00:57"]
[BlackClock "0:01:16"]

1. e4 e6 2. d4 d5 3. exd5 exd5 4. Bd3 Nc6 5. Nf3 Bd6 6. c4 dxc4 7. Bxc4 Nf6 8. Qe2+ Qe7 9. Qxe7+ Nxe7 10. Nc3 c6 11. Ne5 O-O 12. Bf4 Bb4 13. O-O Bxc3 14. bxc3 Ned5 15. Bxd5 Nxd5 16. Bd2 Be6 17. a4 f6 18. Nd3 Rad8 19. a5 Rfe8 20. Rfe1 Bf5 21. Nb2 Kf7 22. f3 g5 23. Kf2 h5 24. c4 Nc7 25. Bc3 Ne6 26. Rad1 Nf4 27. Rxe8 Rxe8 28. Rd2 h4 29. g3 hxg3+ 30. hxg3 Ne6 31. d5 cxd5 32. cxd5 Nc5 33. d6 Nd7 34. Bd4 b6 35. axb6 axb6 36. Nc4 b5 37. Nb6 Nxb6 38. Bxb6 Bd7 39. Re2 Rxe2+ 40. Kxe2 Ke6 41. Bd4 f5 42. Be3 g4 43. fxg4 fxg4 44. Bf4 Kd5 45. Kd2 Bf5 46. Kc1 Kc6 47. Kb2 Kd7 48. Ka1 Bd3 49. Kb2 Be2 50. Ka1 Bd3 51. Kb2 Be2 52. Ka1 Bd3 1/2-1/2


[Site "https://www.chess.com"]